 Dungeon Crawl Stone Soup version 0.28.0 (webtiles) character file.

Game seed: 6835289822900975610

393478 sasquatch the Ruinous (level 23, -13/135 (144) HPs)
             Began as a Tengu Air Elementalist on Feb 7, 2022.
             Was the Champion of Vehumet.
             Shot with a bolt by an orc knight (15 damage)
             ... on level 5 of the Vaults.
             The game lasted 03:18:14 (65288 turns).

sasquatch the Ruinous (Tengu Air Elementalist)     Turns: 65288, Time: 03:18:14

HP:   -13/135 (144) AC:  7    Str: 20 (21) XL:     23   Next: 15%
MP:   6/54          EV: 23    Int: 37      God:    Vehumet [******]
Gold: 2959          SH: 14    Dex: 16      Spells: 1/56 levels left

rFire   . . .      SeeInvis +   D - staff of conjuration
rCold   + . .      Faith    .   J - +0 kite shield
rNeg    . . .      Spirit   .   Q - +2 robe {Will+}
rPois   +          Reflect  .   g - +0 hat of Vetisit {Str+6 Int+2}
rElec   .          Harm     .   i - scarf {rC+ rF+}
rCorr   +          Rampage  .   P - +2 pair of gloves of Looseaph {+Blink rPois SInv}
Will    ++...                   (boots unavailable)
Stlth   ++........              O - amulet of magic regeneration
HPRegen 0.32/turn               a - ring of Arrival {rPois rF- rCorr MP+9 Str+4 Int+6}
MPRegen 0.74/turn               j - +6 ring of intelligence

@: flying quickly and evasively, very slightly contaminated, studying Polearms,
drained, quick
A: beak, talons 3, nimble flight, deterioration 1
}: 2/15 runes: decaying, gossamer
a: Renounce Religion, Evoke Blink


You were on level 5 of the Vaults.
You worshipped Vehumet.
Vehumet was exalted by your worship.
You visited 8 branches of the dungeon, and saw 40 of its levels.
You also visited: Ossuary, Bailey and Ice Cave.

You collected 5123 gold pieces.
You spent 2164 gold pieces at shops.

Inventory:

Hand Weapons
 K - the +7 hunting sling "Odihim" {venom, rC++}
   (You found it on level 3 of the Spider Nest)

   Any ammunition fired from it poisons the flesh of those it strikes.
   rC:        It greatly protects you from cold.
 X - the +4 rapier "Toiduol" {flame, rElec rF- rN+++ MP+9}
   (You took it off a deep elf annihilator on level 3 of the Elven Halls)

   It burns those it strikes, dealing additional fire damage.
   rF:        It makes you vulnerable to fire.
   rElec:     It insulates you from electricity.
   rN:        It renders you almost immune to negative energy.
   MP:        It affects your magic capacity (+9).
Missiles
 s - a throwing net
Armour
 g - the +0 hat of Vetisit (worn) {Str+6 Int+2}
   (You acquired it in a bailey)

   Str:       It affects your strength (+6).
   Int:       It affects your intelligence (+2).
 i - a scarf of resistance (worn)
 J - a +0 kite shield (worn)
 P - the +2 pair of gloves of Looseaph (worn) {+Blink rPois SInv}
   (You found it on level 4 of the Spider Nest)

   rPois:     It protects you from poison.
   SInv:      It lets you see invisible.
   +Blink:    It lets you blink.
 Q - a +2 robe of willpower (worn)
Magical Staves
 n - a staff of air
 D - a staff of conjuration (weapon)
 W - a staff of fire
Jewellery
 a - the ring of Arrival (left hand) {rPois rF- rCorr MP+9 Str+4 Int+6}
   (You bought it in a shop on level 2 of the Orcish Mines)

   [ring of intelligence]

   Str:       It affects your strength (+4).
   Int:       It affects your intelligence (+6).
   rF:        It makes you vulnerable to fire.
   rPois:     It protects you from poison.
   MP:        It affects your magic capacity (+9).
   rCorr:     It protects you from acid and corrosion.
 e - a +4 ring of evasion
 j - a +6 ring of intelligence (right hand)
 l - a ring of wizardry
 m - a ring of protection from cold
 o - a ring of positive energy
 z - the amulet of Yhir {Acrobat rPois rF- Slay+3}
   (You took it off a deep elf death mage on level 3 of the Elven Halls)

   [amulet of the acrobat]

   It increases your evasion while moving and waiting.
   Slay:      It affects your accuracy & damage with ranged weapons and melee
   (+3).
   rF:        It makes you vulnerable to fire.
   rPois:     It protects you from poison.
 E - an amulet of the acrobat
 G - a ring of poison resistance
 M - a ring of resist corrosion
 N - a ring of magical power
 O - an amulet of magic regeneration (around neck)
 T - a ring of see invisible
Wands
 y - a wand of iceblast (71)
 B - a wand of acid (13)
 C - a wand of mindburst (9)
 V - a wand of digging (8)
Scrolls
 d - 6 scrolls of enchant weapon
 f - 2 scrolls of silence
 k - 2 scrolls of fear
 p - 11 scrolls of fog
 q - 5 scrolls of blinking
 v - 9 scrolls of enchant armour
 x - a scroll of torment
 A - 3 scrolls of teleportation
 I - 2 scrolls of brand weapon
 Y - a scroll of summoning
 Z - a scroll of holy word
Potions
 b - 13 potions of attraction
 c - 18 potions of curing
 h - 3 potions of berserk rage
 r - 7 potions of lignification
 t - 4 potions of invisibility
 u - 9 potions of ambrosia
 w - 8 potions of haste
 F - 4 potions of magic
 H - 7 potions of cancellation
 L - 5 potions of might
 S - 8 potions of mutation
 U - a potion of resistance


   Skills:
 - Level 15.0 Fighting
 - Level 15.0 Dodging
 - Level 2.0 Stealth
 - Level 15.0 Shields
 - Level 17.0 Spellcasting
 + Level 25.2 Conjurations
 + Level 25.2 Air Magic


You had one spell level left.
You knew the following spells:

 Your Spells              Type           Power      Damage    Failure   Level
a - Maxwell's Capacitive  Air            60%        ∞         1%          8
b - Swiftness             Air            100%       N/A       0%          3
c - Static Discharge      Conj/Air       100%       N/A       0%          2
d - Chain Lightning       Conj/Air       72%        3d96      1%          9
f - Freezing Cloud        Conj/Ice/Air   62%        6-21      1%          5
g - Conjure Ball Lightni  Conj/Air       72%        3x3d27    0%          6
h - Irradiate             Conj/Tmut      56%        3d32      1%          5
i - Lightning Bolt        Conj/Air       72%        1d98      0%          5
j - Fireball              Conj/Fire      56%        3d22      1%          5
k - Orb of Destruction    Conj           72%        9d17      1%          7

Your spell library contained the following spells:

 Spells                   Type           Power      Damage    Failure   Level
 Fire Storm               Conj/Fire      56%        8d14      92%         9
 Polar Vortex             Ice            15%        N/A       100%        9
 Foxfire                  Conj/Fire      100%       2x1d9     0%          1
 Shock                    Conj/Air       100%       1d9       0%          1
 Animate Skeleton         Necr           62%        N/A       1%          1
 Apportation              Tloc           62%        N/A       1%          1
 Beastly Appendage        Tmut           62%        N/A       1%          1
 Pain                     Necr           100%       1d9       1%          1
 Sandblast                Erth           62%        2d14      1%          1
 Sting                    Tmut/Pois      100%       1d8       1%          1
 Summon Small Mammal      Summ           100%       N/A       1%          1
 Corpse Rot               Necr/Air       100%       N/A       0%          2
 Poisonous Vapours        Pois/Air       100%       N/A       0%          2
 Airstrike                Air            60%        N/A       0%          4
 Conjure Flame            Conj/Fire      100%       6-21      1%          3
 Dazzling Flash           Conj/Hex       100%       N/A       1%          3
 Ignite Poison            Fire/Tmut/Pois 31%        N/A       1%          3
 Inner Flame              Hex/Fire       31%        N/A       1%          3
 Stone Arrow              Conj/Erth      100%       3d13      1%          3
 Flame Wave               Conj/Fire      100%       2d17      1%          4
 Iskenderun's Mystic Bla  Conj/Tloc      100%       2d19      1%          4
 Sticky Flame             Conj/Fire      100%       2d11      1%          4
 Summon Lightning Spire   Summ/Air       90%        N/A       1%          4
 Starburst                Conj/Fire      56%        6d15      1%          6
 Blink                    Tloc           62%        N/A       2%          2
 Passwall                 Tmut/Erth      25%        N/A       2%          2
 Sublimation of Blood     Necr           31%        N/A       2%          2
 Wereblood                Tmut           31%        N/A       2%          2
 Spellforged Servitor     Conj/Summ      56%        N/A       2%          7
 Call Canine Familiar     Summ           31%        N/A       5%          3
 Spider Form              Tmut/Pois      31%        N/A       5%          3
 Summon Guardian Golem    Hex/Summ       31%        N/A       5%          3
 Tukima's Dance           Hex            31%        N/A       5%          3
 Vampiric Draining        Necr           31%        2d8       5%          3
 Olgreb's Toxic Radiance  Pois           31%        N/A       5%          4
 Storm Form               Tmut/Air       45%        N/A       9%          7
 Lee's Rapid Deconstruct  Erth           15%        3d11*     13%         5
 Yara's Violent Unravell  Hex/Tmut       15%        3d8       13%         5
 Lehudib's Crystal Spear  Conj/Erth      56%        10d13     17%         8
 Anguish                  Hex/Necr       15%        N/A       19%         4
 Animate Armour           Summ/Erth      62%        N/A       19%         4
 Dispel Undead            Necr           31%        3d14      19%         4
 Ice Form                 Ice/Tmut       31%        N/A       19%         4
 Leda's Liquefaction      Hex/Erth       15%        N/A       19%         4
 Passage of Golubria      Tloc           31%        N/A       19%         4
 Petrify                  Tmut/Erth      31%        N/A       19%         4
 Alistair's Intoxication  Tmut/Pois      20%        N/A       45%         5
 Borgnjor's Vile Clutch   Necr/Erth      15%        N/A       45%         5
 Manifold Assault         Tloc           31%        N/A       45%         5
 Metabolic Englaciation   Hex/Ice        15%        N/A       45%         5
 Eringya's Noxious Bog    Tmut/Pois      15%        N/A       54%         6
 Death Channel            Necr           15%        N/A       95%         6
 Statue Form              Tmut/Erth      20%        N/A       95%         6
 Enfeeble                 Hex            15%        N/A       100%        7
 Malign Gateway           Summ/Tloc      15%        N/A       100%        7
 Summon Hydra             Summ           15%        N/A       100%        7
 Summon Horrible Things   Summ           15%        N/A       100%        8


Dungeon Overview and Level Annotations

Branches:
Dungeon (15/15)            Temple (1/1) D:5            Lair (6/6) D:11
  Swamp (4/4) Lair:2       Spider (4/4) Lair:3        Slime (0/5) Lair:5
    Orc (2/2) D:10            Elf (3/3) Orc:2        Vaults (5/5) D:13
  Crypt (0/3) Vaults:3     Depths (0/4) D:15        Ossuary (visited)
 Bailey (visited)           IceCv (visited)

Altars:
Ashenzari
Cheibriados
Dithmenos
Elyvilon
Fedhas
Gozag
Hepliaklqana
Kikubaaqudgha
Makhleb
Nemelex Xobeh
Okawaru
Qazlal
Ru
Sif Muna
Trog
Uskayaw
Vehumet
Wu Jian
Xom
Yredelemnul
Zin
The Shining One

Shops:
D:1 ?   D:5 *   D:12 (   Orc:2 [=(:   Elf:1 :   Vaults:3 =

Portals:
Trove: Elf:3 (give +4 ice dragon scales)

Annotations:
D:15 2 runed translucent doors, exclusion: orange crystal statue
Swamp:1 1 runed translucent door, Buem's ghost, adept OgAM
Swamp:2 Roxanne
Elf:2 3 runed translucent doors


Innate Abilities, Weirdness & Mutations

You have a beak for a mouth.
You have claws for feet.
Your magical nature lets you fly swiftly and evasively.
Your body sometimes deteriorates upon taking damage.


Message History

+0 shadow dragon scales; a shadow dragon corpse
Aiming: Orb of Destruction (safe; 1% risk of failure)
Press: ? - help, Q - select action, (/) - cycle Shift-Dir - straight line, f/p - ironbound preserver
Aim: an ironbound preserver, wielding a +0 vorpal great mace and wearing a +0 ring mail (heavily wounded)
You feel a surge of power!
The wavering orb of destruction hits the ironbound preserver!!!
The ironbound preserver is almost dead.
Aiming: Orb of Destruction (safe; 1% risk of failure)
Press: ? - help, Q - select action, (/) - cycle Shift-Dir - straight line, f/p - ironbound preserver
Aim: an ironbound preserver, wielding a +0 vorpal great mace and wearing a +0 ring mail (magical condensation, almost dead)
Okay, then.
Aiming: Orb of Destruction (safe; 1% risk of failure)
Press: ? - help, Q - select action, (/) - cycle Shift-Dir - straight line, f/p - ironbound preserver
Aim: an ironbound preserver, wielding a +0 vorpal great mace and wearing a +0 ring mail (magical condensation, almost dead)
You feel a surge of power!
The wavering orb of destruction hits the ironbound preserver!!!
You blow up the ironbound preserver!
Vehumet accepts your kill.
You feel your power returning.
You start resting.
A titan is nearby!
Aiming: Orb of Destruction (safe; 1% risk of failure)
Press: ? - help, Q - select action, (/) - cycle Shift-Dir - straight line, f - titan
Aim: a titan
Okay, then.
Aiming: Orb of Destruction (safe; 1% risk of failure)
Press: ? - help, Q - select action, (/) - cycle Shift-Dir - straight line, f - titan
Aim: a titan You feel a surge of power!
The wavering orb of destruction hits the titan!!!
The titan is heavily wounded.
Aiming: Orb of Destruction (safe; 1% risk of failure)
Press: ? - help, Q - select action, (/) - cycle Shift-Dir - straight line, f/p - titan
Aim: a titan (heavily wounded)
You feel a surge of power!
The titan gestures at you while chanting.
The bolt of lightning hits you!!!
* * * LOW HITPOINT WARNING * * *
The orc knight shoots a bolt.
The bolt hits you!
You die...

#.*# .......
#..# .......
#..##....... .p
#..#.......#
)}.
#.)#.......#..#
#..#.....C##.#
#).#....###.?#
#).#o####...#
#..#C*@.)...#
#..#........#
#.e#.......##
#..#.).....#
#......##
......###
..#.#### #....
#.... ##


You could see a titan (ally target) and an orc knight.

Vanquished Creatures
  A dread lich (Vaults:5)
  Mara (Spider:3)
  Xtahua (Vaults:4)
  A golden dragon (Vaults:5)
  Nikola (Elf:1)
  Arachne (Spider:2)
  A tentacled monstrosity (Vaults:5)
  A lich (Vaults:5)
  2 deep elf master archers (Elf:3)
  Asterion (Elf:1)
  2 deep elf blademasters (Elf:3)
  Gastronok (Lair:3)
  Kirke (Elf:1)
  An ancient champion (Vaults:2)
  Frances (D:14)
  2 tengu reavers (Vaults:5)
  A shadow dragon (Vaults:5)
  Donald (Swamp:3)
  A sphinx (Vaults:2)
  A thorn hunter (Swamp:1)
  3 emperor scorpions (Spider:4)
  A frost giant (Vaults:5)
  5 fire giants
  15 vault wardens
  2 deep elf sorcerers (Elf:3)
  3 deep elf elementalists (Elf:3)
  7 ghost moths
  3 orc warlords
  Aizul (Vaults:2)
  24 ironbound preservers
  A war gargoyle (Vaults:5)
  A stone giant (Vaults:3)
  9 ironbound thunderhulks
  The ghost of pkoi the Fencer, a journeyman MiGl of the Shining One (Lair:4)
  7 very ugly things
  4 eleionomae
  12 deep elf demonologists
  8 entropy weavers
  3 spark wasps
  8 dire elephants
  5 deep elf annihilators
  4 bunyips
  A crystal guardian (Vaults:4)
  6 deep elf death magi
  2 shambling mangroves (Swamp:4)
  2 deep elf high priests
  9 yaktaur captains
  2 great orbs of eyes (Vaults:3)
  27 hydras
  32 vault guards
  3 boulder beetles
  8 catoblepae
  A peacekeeper (Vaults:4)
  6 ironbound frosthearts
  4 jorogumos
  A radroach (Spider:4)
  A death knight (Vaults:3)
  11 dancing weapons
  16 centaur warriors
  10 two-headed ogres
  13 alligators
  11 death yaks
  4 orc high priests
  2 spriggan berserkers (Swamp:4)
  2 tengu warriors
  Sonja (D:10)
  10 deep elf knights
  12 spriggans
  2 skeletal warriors
  3 pharaoh ants
  A sea snake (shapeshifter) (Vaults:4)
  2 sun moths
  8 steelbarb worms
  7 orb spiders
  5 goliath frogs
  A steelbarb worm (shapeshifter) (Vaults:5)
  12 bog bodies
  13 ironbound convokers
  An orb spider (shapeshifter) (Elf:2)
  A glowing orange brain (Vaults:4)
  16 deep elf archers
  14 swamp dragons
  9 wizards
  2 phantasmal warriors (Vaults:5)
  A glowing orange brain (shapeshifter) (D:15)
  12 lindwurms
  44 deep elf pyromancers
  A necromancer (D:15)
  59 deep trolls
  15 orc knights
  9 harpies
  25 deep elf zephyrmancers
  27 wolf spiders
  41 ugly things
  6 orc sorcerers
  2 will-o-the-wisps (Swamp:1)
  11 elephants
  8 cyclopes
  8 manticores
  3 moths of wrath
  5 black mambas
  A guardian serpent (Vaults:2)
  13 vault sentinels
  A black mamba (shapeshifter) (Elf:1)
  Maurice (D:9)
  15 cane toads
  4 gargoyles
  2 torpor snails
  11 demonic crawlers
  An efreet (D:15)
  2 freezing wraiths
  4 kobold demonologists
  4 orange demons (Elf:3)
  4 rime drakes
  2 unseen horrors
  32 yaktaurs
  2 tengu conjurers
  13 komodo dragons
  Grinder (D:3)
  12 meliai
  10 tyrant leeches
  A queen bee (shapeshifter) (Vaults:3)
  2 bloated husks
  6 polar bears
  10 trolls
  23 slime creatures
  26 tarantellas
  23 hornets
  2 saltlings (Vaults:2)
  8 blink frogs
  31 jumping spiders
  5 air elementals
  12 culicivoras
  A jumping spider (shapeshifter) (Elf:2)
  Sigmund (D:2)
  A vampire (D:7)
  2 shadows
  2 wraiths
  38 yaks
  A water elemental (Elf:3)
  4 hogs (Elf:1)
  Eustachio (D:4)
  Grum (D:8)
  3 wyverns
  6 basilisks
  3 death yak simulacra (IceCv)
  36 redbacks
  5 vampire mosquitoes
  Edmund (D:4)
  Menkaure (D:5)
  19 swamp worms
  An acid dragon (D:9)
  3 wargs
  22 water moccasins
  Duvessa (D:5)
  A hell hound (Spider:3)
  41 orc warriors
  9 swamp drakes
  2 black bears
  4 boggarts
  12 ogres
  23 wolves
  13 centaurs
  A phantom (D:5)
  5 kobold brigands
  8 bullfrogs
  A gnoll sergeant (D:11)
  12 earth elementals
  A wyvern zombie (D:8)
  11 scorpions
  A cane toad simulacrum (Lair:4)
  3 water moccasin zombies (Ossuary)
  Dowan (D:5)
  A hornet simulacrum (D:14)
  An elephant simulacrum (Lair:4)
  5 wights (D:10)
  3 vampire bats (Lair:4)
  6 howler monkeys
  A howler monkey (shapeshifter) (D:15)
  22 electric eels
  3 bullfrog zombies
  4 centaur zombies
  3 jellies
  22 orc priests
  4 hounds
  5 centaur skeletons
  2 gnoll shamans (D:9)
  An iguana (D:6)
  20 orc wizards
  Natasha (thrice) (D:2)
  7 hell rats (Lair:4)
  A killer bee zombie (D:7)
  2 polar bear simulacra (Lair:4)
  A wolf simulacrum (IceCv)
  A howler monkey zombie (D:10)
  2 mummies (Ossuary)
  Robin (D:3)
  21 gnolls
  7 adders
  A shadow imp (D:6)
  5 white imps
  7 adder zombies (Ossuary)
  9 dart slugs
  65 orcs
  7 ball pythons
  12 bats
  8 endoplasms
  5 giant cockroaches
  4 gnoll zombies (Ossuary)
  29 goblins
  14 hobgoblins
  2 jackals (D:4)
  5 kobolds
  3 quokkas
  4 frilled lizards
  4 hobgoblin zombies (Ossuary)
  6 kobold zombies (Ossuary)
  4 orc zombies (Ossuary)
  2 rats
1652 creatures vanquished.

Vanquished Creatures (collateral kills)
  11 ball lightnings
11 creatures vanquished.

Vanquished Creatures (others)
  A deep elf knight (Spider:3)
  An orc priest (Orc:2)
  276 ball lightnings
  48 fungi
  60 plants
386 creatures vanquished.

Grand Total: 2049 creatures vanquished

Notes
Turn   | Place    | Note
-------+----------+-------------------------------------------
     0 | D:1      | sasquatch the Tengu Air Elementalist began the quest for
                  | the Orb.
     0 | D:1      | Reached XP level 1. HP: 10/10 MP: 4/4
   127 | D:1      | Reached XP level 2. HP: 15/15 MP: 0/6
   337 | D:1      | Found Gecwasipp's Magic Scroll Shop.
   637 | D:1      | Reached XP level 3. HP: 19/19 MP: 5/7
  1210 | D:1      | Learned a level 3 spell: Swiftness
  1213 | D:1      | Learned a level 2 spell: Static Discharge
  1357 | D:2      | Noticed Sigmund
  1385 | D:2      | Noticed Natasha
  1394 | D:2      | Killed Natasha
  1395 | D:2      | Reached skill level 5 in Air Magic
  1395 | D:2      | Reached XP level 4. HP: 6/24 MP: 0/8
  1675 | D:2      | Noticed Natasha
  1681 | D:2      | Killed Natasha
  1744 | D:2      | Gained mutation: Your magical nature lets you fly swiftly
                  | and evasively. [Tengu growth]
  1744 | D:2      | Reached XP level 5. HP: 28/28 MP: 4/10
  1751 | D:2      | Noticed Natasha
  1762 | D:2      | Killed Natasha
  1949 | D:2      | Killed Sigmund
  1950 | D:2      | Reached skill level 5 in Conjurations
  1950 | D:2      | Reached XP level 6. HP: 21/32 MP: 0/11
  2091 | D:2      | Found a basalt altar of Yredelemnul.
  2547 | D:2      | Learned a level 4 spell: Airstrike
  2631 | D:3      | Found a faded altar of an unknown god.
  2991 | D:3      | Noticed Robin
  3072 | D:3      | Killed Robin
  3178 | D:3      | Reached XP level 7. HP: 36/36 MP: 9/13
  3295 | D:3      | Noticed Grinder
  3308 | D:3      | Killed Grinder
  4071 | D:4      | Reached XP level 8. HP: 35/41 MP: 3/15
  4086 | D:4      | Found a sand-covered staircase.
  4152 | Ossuary  | Entered an ossuary
  4743 | D:4      | Noticed Eustachio
  4951 | D:4      | Noticed Edmund
  4957 | D:4      | Killed Edmund
  5095 | D:4      | Found a white marble altar of Elyvilon.
  5158 | D:4      | Killed Eustachio
  5529 | D:5      | Entered Level 5 of the Dungeon
  5549 | D:5      | Found a burning altar of Makhleb.
  5681 | D:5      | Reached skill level 10 in Air Magic
  5934 | D:5      | Noticed Menkaure
  5943 | D:5      | Killed Menkaure
  5944 | D:5      | Reached skill level 10 in Conjurations
  5944 | D:5      | Reached XP level 9. HP: 44/45 MP: 9/16
  6144 | D:5      | Noticed Duvessa
  6144 | D:5      | Noticed Dowan
  6163 | D:5      | Killed Duvessa
  6167 | D:5      | Killed Dowan
  6168 | D:5      | Reached skill level 5 in Dodging
  6383 | D:5      | Identified the +1 robe of the Shining Light {-Tele rElec
                  | rCorr SInv}
  6389 | D:5      | Found a staircase to the Ecumenical Temple.
  6406 | Temple   | Entered the Ecumenical Temple
  6481 | Temple   | Became a worshipper of Vehumet
  6585 | D:5      | Found Pmeshos's Practical Paraphernalia.
  7964 | D:6      | Reached skill level 5 in Spellcasting
  9054 | D:7      | Reached * piety under Vehumet
  9054 | D:7      | Offered knowledge of Foxfire by Vehumet.
  9057 | D:7      | Found a flagged portal.
  9118 | Bailey   | Entered a bailey
  9178 | Bailey   | Reached skill level 1 in Fighting
  9724 | Bailey   | Noticed an orc knight
  9735 | Bailey   | Reached XP level 10. HP: 55/56 MP: 16/20
  9741 | Bailey   | Reached skill level 5 in Fighting
  9972 | Bailey   | Acquired the +0 hat of Vetisit {Str+6 Int+2}
 10045 | Bailey   | Reached ** piety under Vehumet
 10049 | Bailey   | Offered knowledge of Magic Dart by Vehumet.
 10185 | Bailey   | Noticed an orc knight
 10220 | Bailey   | Killed an orc knight
 10403 | Bailey   | Killed an orc knight
 10528 | Bailey   | Found an iron altar of Okawaru.
 10530 | Bailey   | Noticed a kobold demonologist
 10530 | Bailey   | Noticed a kobold demonologist
 10552 | Bailey   | Noticed a smoke demon
 10562 | Bailey   | Noticed a rust devil
 10562 | Bailey   | Killed a kobold demonologist
 10567 | Bailey   | Noticed a rust devil
 10570 | Bailey   | Killed a kobold demonologist
 10826 | Bailey   | Identified the +1 robe of Epsam {rC+ Str+4}
 10940 | D:7      | Identified the +5 whip of Uvea {vorpal, rPois rF++ Will-
                  | Str+3}
 11241 | D:7      | Found a hide-covered altar of Uskayaw.
 11691 | D:7      | Noticed a manticore
 11764 | D:7      | Offered knowledge of Scorch by Vehumet.
 11765 | D:7      | Reached XP level 11. HP: 62/64 MP: 14/21
 11972 | D:7      | Identified the +2 robe of the Barnacle {rPois rF- rN+ rCorr
                  | Str+3}
 12015 | D:7      | Noticed a manticore
 12025 | D:7      | Killed a manticore
 12228 | D:7      | Learned a level 4 spell: Sticky Flame
 12259 | D:7      | Identified the +3 long sword of Genlax {venom, rF+ rC+
                  | Str+3 Int-5}
 12403 | D:7      | Got the Collected Works on Conjuration and Cold
 12498 | D:7      | Found a shimmering altar of Xom.
 12579 | D:7      | Found a blossoming altar of Fedhas.
 12919 | D:8      | Reached *** piety under Vehumet
 13057 | D:8      | Noticed Grum
 13068 | D:8      | Killed Grum
 13550 | D:8      | Offered knowledge of Olgreb's Toxic Radiance by Vehumet.
 13865 | D:8      | Found a sacrificial altar of Ru.
 13913 | D:8      | Found a glowing golden altar of the Shining One.
 14036 | D:9      | Noticed a two-headed ogre
 14041 | D:9      | Killed a two-headed ogre
 14167 | D:9      | Noticed Maurice
 14171 | D:9      | Killed Maurice
 15216 | D:9      | You are sucked into a shaft and drop 1 floor!
 15216 | D:10     | Entered Level 10 of the Dungeon
 15216 | D:10     | Noticed a two-headed ogre
 15220 | D:10     | Killed a two-headed ogre
 15262 | D:10     | Reached XP level 12. HP: 70/70 MP: 5/25
 15319 | D:10     | Noticed Sonja
 15335 | D:10     | Killed Sonja
 15401 | D:10     | Reached **** piety under Vehumet
 15436 | D:10     | Noticed a two-headed ogre
 15441 | D:10     | Killed a two-headed ogre
 15442 | D:10     | Reached skill level 15 in Air Magic
 15563 | D:10     | Found a staircase to the Orcish Mines.
 16038 | D:10     | Found a broken altar of Ashenzari.
 16038 | D:10     | Found an ornate altar of the Wu Jian Council.
 16130 | D:11     | Noticed a seven-headed hydra
 16144 | D:11     | Noticed a two-headed ogre
 16238 | D:11     | Offered knowledge of Stone Arrow by Vehumet.
 16260 | D:11     | Noticed a two-headed ogre
 16264 | D:11     | Killed a two-headed ogre
 16329 | D:11     | Learned a level 5 spell: Freezing Cloud
 16413 | D:11     | Noticed a two-headed ogre
 16416 | D:11     | Killed a two-headed ogre
 16437 | D:11     | Found a snail-covered altar of Cheibriados.
 16481 | D:11     | Killed a two-headed ogre
 16568 | D:11     | Found a staircase to the Lair.
 17014 | D:11     | Killed a seven-headed hydra
 17259 | D:11     | Identified the +1 leather armour "Woneuste" {rC+ Dex+3
                  | Stlth+}
 17489 | Lair:1   | Entered Level 1 of the Lair of Beasts
 17500 | Lair:1   | Reached skill level 10 in Spellcasting
 17863 | Lair:1   | Reached XP level 13. HP: 66/76 MP: 20/28
 18533 | Lair:1   | Reached ***** piety under Vehumet
 19049 | Lair:2   | Offered knowledge of Conjure Ball Lightning by Vehumet.
 19063 | Lair:1   | Learned a level 6 spell: Conjure Ball Lightning
 19490 | Lair:2   | Found a staircase to the Swamp.
 19823 | Lair:3   | Found a hole to the Spider Nest.
 20288 | Lair:3   | Noticed Gastronok
 20301 | Lair:3   | Killed Gastronok
 20302 | Lair:3   | Reached skill level 10 in Dodging
 20534 | Lair:3   | Reached skill level 10 in Fighting
 21325 | Lair:4   | Found a frozen archway.
 21348 | IceCv    | Entered an ice cave
 21358 | IceCv    | Reached skill level 15 in Conjurations
 21428 | IceCv    | Found a transporter.
 21468 | IceCv    | Found a transporter.
 21804 | Lair:4   | Found a large runed translucent door.
 21805 | Lair:4   | Found a large runed translucent door.
 21806 | Lair:4   | Noticed pkoi's ghost (journeyman MiGl)
 21823 | Lair:4   | Reached XP level 14. HP: 88/88 MP: 11/29
 22390 | Lair:4   | Killed pkoi's ghost
 22557 | Lair:4   | Learned a level 5 spell: Irradiate
 23492 | Lair:5   | Found a staircase to the Slime Pits.
 23509 | Lair:5   | You are sucked into a shaft and drop 1 floor!
 23509 | Lair:6   | Entered Level 6 of the Lair of Beasts
 24071 | Lair:6   | Offered knowledge of Lightning Bolt by Vehumet.
 25264 | Lair:6   | Learned a level 5 spell: Lightning Bolt
 25270 | Lair:6   | Reached XP level 15. HP: 92/92 MP: 16/31
 26412 | Orc:1    | Entered Level 1 of the Orcish Mines
 26421 | Orc:1    | Noticed an orc warlord
 26588 | Orc:1    | Killed an orc warlord
 26610 | Orc:1    | Offered knowledge of Fireball by Vehumet.
 27080 | Orc:2    | Entered Level 2 of the Orcish Mines
 27216 | Orc:2    | Found a staircase to the Elven Halls.
 28208 | Orc:2    | Found Inneajim's Antique Armour Shoppe.
 28208 | Orc:2    | Found Kodal's Book Boutique.
 28214 | Orc:2    | Found Ebinn's Weapon Boutique.
 28214 | Orc:2    | Found Echeacw's Jewellery Shoppe.
 28911 | Swamp:1  | Entered Level 1 of the Swamp
 28939 | Swamp:1  | Noticed a thorn hunter
 28949 | Swamp:1  | Killed a thorn hunter
 29406 | Swamp:1  | Found a runed translucent door.
 29413 | Swamp:1  | Learned a level 5 spell: Fireball
 29417 | Swamp:1  | Noticed Buem's ghost (adept OgAM)
 29807 | Swamp:1  | HP: 2/92 [eleionoma (15)]
 30333 | Orc:2    | Bought the ring of Arrival {rPois rF- rCorr MP+9 Str+4
                  | Int+6} for 1147 gold pieces
 31304 | Swamp:2  | Reached XP level 16. HP: 79/97 MP: 31/35
 31575 | Swamp:2  | Reached skill level 15 in Spellcasting
 32003 | Swamp:2  | Noticed Roxanne
 32593 | Swamp:3  | Identified the +2 hunting sling of a wizard's laboratory
                  | {venom, rC- rCorr Str+4}
 32832 | Swamp:3  | Noticed Donald
 32838 | Swamp:3  | Offered knowledge of Spellforged Servitor by Vehumet.
 32845 | Swamp:3  | Killed Donald
 32931 | Swamp:3  | Reached skill level 1 in Shields
 33174 | Swamp:3  | Found a basalt altar of Yredelemnul.
 33345 | Swamp:4  | Entered Level 4 of the Swamp
 33399 | Swamp:4  | Reached skill level 5 in Shields
 34424 | Swamp:4  | Reached XP level 17. HP: 73/102 MP: 38/38
 34762 | Swamp:4  | Reached skill level 10 in Shields
 34844 | Swamp:4  | Got a decaying rune of Zot
 34845 | Swamp:4  | Identified the +7 ring mail of Rabixo {Harm rF- rCorr}
 35017 | Swamp:4  | Offered knowledge of Iron Shot by Vehumet.
 35238 | Spider:1 | Entered Level 1 of the Spider Nest
 36073 | Spider:1 | Gained mutation: Your body sometimes deteriorates upon
                  | taking damage. [mutagenic glow]
 37333 | Spider:2 | Offered knowledge of Orb of Destruction by Vehumet.
 37550 | Spider:2 | Noticed Arachne
 37557 | Spider:2 | Killed Arachne
 38447 | Spider:3 | Identified the +7 hunting sling "Odihim" {venom, rC++}
 38812 | Spider:3 | Reached XP level 18. HP: 92/107 MP: 37/39
 39330 | Spider:3 | Noticed Mara
 39338 | Spider:3 | Killed Mara
 39742 | Spider:3 | Reached ****** piety under Vehumet
 39885 | Spider:4 | Entered Level 4 of the Spider Nest
 39894 | Spider:4 | Learned a level 7 spell: Orb of Destruction
 40688 | Spider:4 | Offered knowledge of Maxwell's Capacitive Coupling by
                  | Vehumet.
 41880 | Spider:4 | Got a gossamer rune of Zot
 41890 | Spider:4 | Identified the +2 pair of gloves of Looseaph {+Blink rPois
                  | SInv}
 42199 | Orc:2    | Bought a +6 ring of intelligence for 702 gold pieces
 42933 | D:12     | Learned a level 8 spell: Maxwell's Capacitive Coupling
 43097 | D:12     | Found Ebelimoin's Weapon Emporium.
 43904 | D:13     | Offered knowledge of Fire Storm by Vehumet.
 43904 | D:13     | Offered knowledge of Chain Lightning by Vehumet.
 43904 | D:13     | Offered knowledge of Polar Vortex by Vehumet.
 44337 | D:13     | Found a gate to the Vaults.
 44465 | Vaults:1 | Entered Level 1 of the Vaults
 44513 | Vaults:1 | Reached XP level 19. HP: 72/112 MP: 34/40
 47446 | Vaults:2 | Reached XP level 20. HP: 117/117 MP: 22/41
 48367 | Vaults:2 | Noticed Aizul
 48371 | Vaults:2 | Killed Aizul
 50943 | Vaults:3 | HP: 4/120 [yaktaur captain/bolt (29)]
 51506 | Vaults:3 | Found a staircase to the Crypt.
 52758 | Vaults:3 | Found Ofajupn's Jewellery Shop.
 53375 | Vaults:3 | Reached XP level 21. HP: 126/126 MP: 42/42
 54019 | Vaults:4 | Noticed Xtahua
 54025 | Vaults:4 | Killed Xtahua
 56071 | Elf:1    | Entered Level 1 of the Elven Halls
 56152 | Elf:1    | Found a radiant altar of Vehumet.
 56284 | Elf:1    | Noticed Nikola
 56323 | Elf:1    | Killed Nikola
 56475 | Elf:1    | Paralysed by an air elemental for 1 turns
 57100 | Elf:1    | Noticed Asterion
 57115 | Elf:1    | Killed Asterion
 57324 | Elf:1    | Noticed Kirke
 57328 | Elf:1    | Killed Kirke
 57368 | Elf:1    | Paralysed by an air elemental for 1 turns
 57420 | Elf:1    | Found Xerem's Book Shop.
 58001 | Elf:2    | Reached skill level 15 in Shields
 58742 | Elf:2    | Found a runed translucent gate.
 58742 | Elf:2    | Found a runed translucent gate.
 58742 | Elf:2    | Found a runed translucent gate.
 58840 | Elf:2    | Reached XP level 22. HP: 126/136 MP: 38/43
 58974 | Elf:3    | Entered Level 3 of the Elven Halls
 59735 | Elf:3    | Reached skill level 15 in Dodging
 59901 | Elf:3    | Found a portal to a secret trove of treasure.
 60681 | Elf:3    | Reached skill level 15 in Fighting
 60817 | Elf:3    | Identified the +5 glaive of the Tired Tusks {elec, rN++
                  | Will+ Dex+3 Stlth-}
 60817 | Elf:3    | Identified the amulet of Yhir {Acrobat rPois rF- Slay+3}
 61315 | Elf:3    | Identified the +4 rapier "Toiduol" {flame, rElec rF- rN+++
                  | MP+9}
 61443 | Elf:3    | Identified the +0 pair of boots "Zoll" {Str+4}
 61455 | Elf:3    | Identified the +1 plate armour "Yra Zos" {rCorr Str+2}
 62175 | D:1      | Bought a scroll of fear for 49 gold pieces
 62175 | D:1      | Bought a scroll of summoning for 133 gold pieces
 62175 | D:1      | Bought a scroll of fog for 28 gold pieces
 62175 | D:1      | Bought a scroll of blinking for 105 gold pieces
 62717 | D:14     | Noticed Frances
 62728 | D:14     | Killed Frances
 62763 | D:14     | Learned a level 9 spell: Chain Lightning
 63217 | D:15     | Entered Level 15 of the Dungeon
 63417 | D:15     | Found a runed translucent door.
 63423 | D:15     | Found the +10 tower shield of Ignorance {rN+ Int-4}
 63625 | D:15     | Found a runed translucent door.
 63805 | D:15     | Found a staircase to the Depths.
 64403 | Vaults:5 | Entered Level 5 of the Vaults
 64742 | Vaults:5 | Noticed a dread lich
 64744 | Vaults:5 | Killed a dread lich
 64746 | Vaults:5 | Noticed an ancient lich
 64915 | Vaults:5 | Reached XP level 23. HP: 121/144 MP: 45/45
 65248 | Vaults:5 | Noticed a golden dragon
 65253 | Vaults:5 | Killed a golden dragon
 65288 | Vaults:5 | HP: 2/135 [titan/bolt of lightning (62)]
 65288 | Vaults:5 | Shot with a bolt by an orc knight

Illustrated notes

Levels and vault maps discovered:
D:1:      elethiomel_arrival_infinity_welcomes_careful_drivers, layout_rooms,
          serial_shops, nicolae_shop_waterfront, serial_glass, glass_columns_a,
          glass_columns_a, feat_on_display, item_on_display_a,
          item_on_display_a, minmay_misc_feat_x
D:2:      layout_rooms, basic_altar, uniq_sigmund, uniq_natasha
D:3:      kennysheep_big_flooded_room, layout_loops_ring,
          basic_ecumenical_altar, minmay_misc_feat_chi, uniq_grinder, uniq_robin
D:4:      kennysheep_the_goblin_king, layout_loops_corners,
          kennysheep_mini_moat, nicolae_ossuary_entry_plus,
          minmay_misc_feat_square, uniq_eustachio, uniq_edmund
D:5:      layout_loops_ring, amcnicky_altar_gilded, temple_pool_b,
          minmay_misc_feat_hallway, nicolae_alphabet_shops, grunt_ministairs_1,
          uniq_menkaure, uniq_duvessa
D:6:      kennysheep_slugbush, layout_basic, serial_bayou_crossing
D:7:      minmay_the_grid_octo_tiled_squarecenter
          [minmay_the_grid_octo_fat_diamond, minmay_the_grid_octo_checkered,
          minmay_the_grid_octo_clover_2, minmay_the_grid_octo_pinwheel,
          minmay_the_grid_square_5x5_megaprize_crossed,
          minmay_the_grid_square_5x5_percent,
          minmay_the_grid_square_5x5_two_walls_a,
          minmay_the_grid_square_5x5_two_small,
          minmay_the_grid_square_5x5_one_wall], layout_basic,
          gammafunk_temple_overflow_pools, eat_drink_and_be_merry_uskayaw,
          enter_bailey_5
D:8:      layout_loops_ring, mainiacjoe_overflow_big_doors,
          kennysheep_generic_room_4, uniq_grum
D:9:      kennysheep_seaside_town, layout_irregular_city,
          chequers_serial_rivers_room_a, uniq_pikel, uniq_maurice
D:10:     layout_basic, gammafunk_temple_overflow_elements, orc_0_dummy,
          st_stairs_7, uniq_sonja
D:11:     layout_loops_cross, lair_entry_dummy, kennysheep_slug_shrine
D:12:     minmay_octagon_keep, layout_irregular_city, serial_shops,
          nicolae_shop_stone
D:13:     layout_cave_pools, hangedman_vaults_entry_quadrant_bands,
          nicolae_lava_and_water
D:14:     layout_rooms, serial_corexii_hall, chequers_hall_statues_corner_a,
          chequers_hall_statues_y, chequers_hall_statues_wall_a,
          roderic_lattice_a, uniq_frances
D:15:     hangedman_depths_entry_civil_slaughter, layout_stronghold,
          minivault_23, chequers_guarded_unrand_ignorance
Temple:   dshaligram_water_room_temple
Lair:1:   layout_loops_ring
Lair:2:   layout_concentric_octagons, swamp_mist, serial_bayou_shore_a
Lair:3:   layout_small_grid, spider_nest_entry_webs, worms_lemuel,
          uniq_gastronok
Lair:4:   layout_hall_layers, portal_ice_cave_entry_ice_simulacra,
          ebering_ghost_disaster_area, roderic_batcave, lemuel_fruit_fields,
          infiniplex_staircase_pool_2
Lair:5:   nzn_motion_control, layout_regular_city, slime_dummy
Lair:6:   evilmike_catoblepas_cave, layout_gridlike
Swamp:1:  layout_basic_swamp, ebering_ghost_reflecting_pool,
          nicolae_swamp_trees_clearing
Swamp:2:  layout_falls_marsh, evilmike_swamp_ruin_wall, uniq_roxanne
Swamp:3:  layout_falls_marsh, evilmike_swamp_ruin_house_6, swamp_pool1,
          grunt_ruined_hall, uniq_donald
Swamp:4:  swamp_basic_johnstein, layout_basic_swamp, swamp_pool1
Spider:1: layout_spider_delve
Spider:2: layout_spider_delve, nicolae_arachne_temple
Spider:3: layout_spider_delve, drop_trap, beargit_elvish_explorers,
          nicolae_spider_cling_halls, uniq_mara, uniq_arachne
Spider:4: spider_rune_water
Orc:1:    layout_caves
Orc:2:    grunt_orc_tribal_feast, layout_caves
Elf:1:    eino_elf_arrival_altar, layout_loops_cross, mu_enter_wizlab_2,
          serial_shops, shop, evilmike_minifort, uniq_kirke, uniq_asterion,
          uniq_nikola
Elf:2:    elven_hall_of_blades_hangedman_original
          [nicolae_blade_entry_pointy_end], layout_onion_city,
          lemuel_flamethrower_1
Elf:3:    grunt_elf_hall_asides, layout_geoelf_castle, enter_trove_6,
          einodemon_barbed_minivault
Vaults:1: hangedman_vaults_restitches, nicolae_vaults_yaktaur_gun_rack,
          ontoclasm_vaults_shuriken, v_misc_33, nicolae_vaults_alarming,
          nicolae_vaults_little_squares_6, vaults_dpeg_ring,
          vaults_room_door_ring, v_rooms_4, serial_ice_h, v_misc_1, v_misc_13,
          layout_vaults_omnicross
Vaults:2: portal_desolation_entry_nicolae_nacl, ontoclasm_vaults_idyll,
          nicolae_vaults_rhombus_7, hangedman_vaults_stretched_pinwheel,
          hangedman_vaults_variations, nicolae_vaults_asterisk, v_misc_25,
          vaults_room_door_ring, ontoclasm_vaults_chip, vaults_room_fours,
          vaults_room_ringed_pool, nicolae_vaults_mini_display_case,
          layout_vaults_big_room, uniq_aizul
Vaults:3: nicolae_vaults_puzzle_piece, nicolae_vaults_triangles, v_misc_11,
          minmay_crypt_entry_simple_sparse, vaults_room_fours, v_misc_24,
          nicolae_vaults_shelves_hall, nicolae_vaults_little_squares_5, st_star,
          nicolae_vaults_gold_heap, ontoclasm_vaults_loading_screen,
          nicolae_vaults_border_crossing, ontoclasm_vaults_loading_screen,
          vaults_room_semicircle, nicolae_vaults_what_the_h,
          vaults_room_semicircle, layout_vaults_ring, serial_shops, shop
Vaults:4: v_pattern_2, vaults_dpeg_spiral, vaults_room_pools,
          ontoclasm_vaults_twist, hangedman_vaults_hard_town_square,
          serial_ice_b, layout_vaults_omnigrid, uniq_xtahua
Vaults:5

Skill      XL: |  1  2  3  4  5  6  7  8  9 10 11 12 13 14 15 16 17 18 19 20 21 22 23 |
---------------+----------------------------------------------------------------------+-----
Conjurations   | 2 3 4 5 7 10 14 15 17 18 19 21 23 24 25 | 25.2
Air Magic      | 5 6 7 8 10 13 14 16 17 18 19 21 23 24 25 | 25.2
Spellcasting   | 3 4 6 8 10 11 14 16 17 | 17.0
Dodging        | 3 6 7 10 12 14 15 | 15.0
Fighting       | 4 6 7 10 11 13 15 | 15.0
Shields        | 9 12 13 15 | 15.0
Stealth        | |  2.0

Action                   |  1- 3 |  4- 6 |  7- 9 | 10-12 | 13-15 | 16-18 | 19-21 | 22-24 || total
-------------------------+-------+-------+-------+-------+-------+-------+-------+-------++-------
Melee: Short sword       |     2 |       |       |       |       |       |       |       ||     2
       Kick              |     4 |     1 |     6 |     2 |       |     1 |       |       ||    14
       Peck              |     1 |       |       |     1 |       |     1 |       |       ||     3
       Dagger            |     6 |     5 |    11 |       |       |       |       |       ||    22
       Staff             |       |       |     3 |     5 |       |     4 |       |       ||    12
 Cast: Shock             |    66 |    81 |   210 |   191 |     8 |       |       |       ||   556
       Static Discharge  |     1 |     6 |    57 |   136 |    60 |    37 |     8 |       ||   305
       Swiftness         |       |       |     1 |     1 |     7 |     5 |     5 |     1 ||    20
       Airstrike         |       |       |    21 |   153 |   369 |   129 |       |       ||   672
       Conjure Ball Ligh |       |       |       |       |    77 |    39 |     3 |       ||   119
       Freezing Cloud    |       |       |       |       |     7 |    20 |     2 |       ||    29
       Sticky Flame      |       |       |       |       |     1 |     2 |       |       ||     3
       Irradiate         |       |       |       |       |    26 |   117 |    83 |    16 ||   242
       Lightning Bolt    |       |       |       |       |    17 |    87 |    92 |     5 ||   201
       Fireball          |       |       |       |       |     2 |   198 |   115 |    36 ||   351
       Orb of Destructio |       |       |       |       |       |    86 |   354 |   150 ||   590
       Maxwell's Capacit |       |       |       |       |       |     1 |       |       ||     1
       Chain Lightning   |       |       |       |       |       |       |       |    14 ||    14
Evoke: Wand              |       |       |       |       |       |     7 |       |       ||     7
  Use: Scroll            |       |     1 |    14 |     5 |     9 |    16 |     4 |     2 ||    51
       Potion            |       |       |       |     1 |     3 |     1 |     2 |     2 ||     9
 Stab: Distracted        |       |       |       |       |       |     1 |       |       ||     1
Armor: Robe              |     8 |     2 |    18 |    34 |     8 |    19 |     8 |     2 ||    99
Dodge: Dodged            |    13 |     8 |    72 |   141 |    93 |   179 |   130 |    46 ||   682
Block: Kite shield       |       |       |       |       |       |   110 |   109 |    33 ||   252
